 Dungeon Crawl Stone Soup version 0.30-a0-377-g5cb311bc9f (webtiles) character file.

Game seed: 8732837220908958222

122038 nono the Tortoise (level 16, 0/154 HPs)
             Began as an Armataur Fighter on Nov 27, 2022.
             Was a High Priest of the Shining One.
             Slain by a six-headed hydra (9 damage)
             ... on level 4 of the Swamp.
             The game lasted 01:21:00 (28865 turns).

nono the Tortoise (Armataur Fighter)               Turns: 28865, Time: 01:21:00

Health: 0/154      AC: 32    Str: 29    XL:     16   Next: 33%
Magic:  24/24      EV:  5    Int:  9    God:    the Shining One [*****.]
Gold:   1762       SH: 34    Dex:  6    Spells: 15/15 levels left

rFire   . . .      SeeInvis .    b - +3 flail (freeze)
rCold   + . .      Faith    .    a - +7 tower shield of Edafat {Rampage}
rNeg    + + +      Spirit   .    S - +5 chain mail of the Nightingale {rElec}
rPois   +          Reflect  .    J - +0 helmet
rElec   +          Harm     .    P - +2 cloak of the Everdark {rN+ Dex-4 Stlth+}
rCorr   .          Roll     +    v - +0 pair of gloves
Will    ++...                    O - +0 barding of Isapon {rPois Will+}
Stlth   ..........               W - amulet of the acrobat
HPRegen 0.45/turn                f - ring of protection from cold
MPRegen 0.19/turn                x - +4 ring of evasion

@: divinely shielded, about to teleport, grasped by roots, glowing, constricted,
studying 2 skills
A: large, rugged brown scales 3, deformed body, armoured tail, roll, long
tongue, awkward tongue
a: Renounce Religion, Divine Shield, Cleansing Flame, Summon Divine Warrior


You were on level 4 of the Swamp.
You worshipped the Shining One.
The Shining One was extremely pleased with you.
You visited 5 branches of the dungeon, and saw 26 of its levels.

You collected 3060 gold pieces.
You spent 1298 gold pieces at shops.

Inventory:

Hand Weapons
 b - a +3 flail of freezing (weapon)
Missiles
 r - a throwing net (quivered)
Armour
 a - the +7 tower shield of Edafat (worn) {Rampage}
   (You took it off Louise on level 4 of the Swamp)

   Rampage:   It bestows one free step when moving towards enemies.
 v - a +0 pair of gloves (worn)
 J - a +0 helmet (worn)
 O - the +0 barding of Isapon (worn) {rPois Will+}
   (You acquired it on level 13 of the Dungeon)

   rPois:     It protects you from poison.
   Will:      It increases your willpower.
 P - the +2 cloak of the Everdark (worn) {rN+ Dex-4 Stlth+}
   (You found it on level 7 of the Dungeon)

   Dex:       It affects your dexterity (-4).
   rN:        It protects you from negative energy.
   Stlth:     It makes you more stealthy.
 S - the +5 chain mail of the Nightingale (worn) {rElec}
   (You found it on level 12 of the Dungeon)

   rElec:     It insulates you from electricity.
 U - a +3 plate armour of fire resistance
Jewellery
 f - a ring of protection from cold (left hand)
 p - a +4 ring of slaying
 q - a +6 ring of intelligence
 x - a +4 ring of evasion (right hand)
 y - an amulet of reflection
 z - an amulet of regeneration
 C - a ring of protection from fire
 G - an amulet of magic regeneration
 H - a ring of protection from cold
 W - an amulet of the acrobat (around neck)
 Y - a ring of willpower
 Z - a ring of resist corrosion
Wands
 e - a wand of digging (6)
 I - a wand of flame (11)
 K - a wand of iceblast (15)
Scrolls
 g - 4 scrolls of enchant weapon
 h - 4 scrolls of poison
 i - 2 scrolls of immolation
 j - 3 scrolls of teleportation
 k - 5 scrolls of magic mapping {unknown}
 l - 7 scrolls of fear {unknown}
 n - 5 scrolls of enchant armour
 u - a scroll of blinking
 w - 8 scrolls of vulnerability {unknown}
 D - 6 scrolls of amnesia {unknown}
 L - a scroll of summoning
 N - 5 scrolls of butterflies
 V - a scroll of identify
Potions
 c - 2 potions of ambrosia
 d - 4 potions of might
 m - 5 potions of flight
 o - 4 potions of resistance
 s - 3 potions of curing
 t - 8 potions of lignification
 A - 4 potions of cancellation
 B - 2 potions of heal wounds
 E - 3 potions of brilliance
 F - 2 potions of attraction
 M - a potion of magic
 Q - 2 potions of mutation
 R - a potion of invisibility
 T - 3 potions of haste
 X - a potion of berserk rage


   Skills:
 + Level 13.2 Fighting
 + Level 14.4 Maces & Flails
 + Level 16.8 Armour
 + Level 15.5 Shields
 + Level 11.8 Invocations


You had 15 spell levels left.
You didn't know any spells.
Your spell library contained the following spells:

 Spells                   Type           Power      Damage    Failure   Level
 Foxfire                  Conj/Fire      0%         2x1d4     97%         1
 Sting                    Tmut/Pois      0%         1d3       97%         1
 Blink                    Tloc           0%         N/A       99%         2
 Ensorcelled Hibernation  Hex/Ice        0%         N/A       99%         2
 Momentum Strike          Conj/Tloc      0%         3d8       99%         2
 Passwall                 Tmut/Erth      0%         N/A       99%         2
 Poisonous Vapours        Pois/Air       0%         N/A       99%         2
 Static Discharge         Conj/Air       0%         2-2/arc   99%         2
 Sublimation of Blood     Necr           0%         N/A       99%         2
 Wereblood                Tmut           0%         N/A       99%         2
 Inner Flame              Hex/Fire       0%         N/A       100%        3
 Lesser Beckoning         Tloc           0%         N/A       100%        3
 Swiftness                Air            0%         N/A       100%        3
 Vhi's Electric Charge    Tloc/Air       0%         N/A       100%        3
 Cause Fear               Hex            0%         N/A       100%        4
 Olgreb's Toxic Radiance  Pois           0%         N/A       100%        4
 Alistair's Intoxication  Tmut/Pois      0%         N/A       100%        5
 Arcjolt                  Conj/Air       0%         1d10      100%        5
 Borgnjor's Vile Clutch   Necr/Erth      0%         N/A       100%        5
 Fireball                 Conj/Fire      0%         3d3       100%        5
 Lightning Bolt           Conj/Air       0%         1d11      100%        5
 Eringya's Noxious Bog    Tmut/Pois      0%         N/A       100%        6
 Starburst                Conj/Fire      0%         6d3       100%        6
 Summon Hydra             Summ           0%         N/A       100%        7
 Discord                  Hex            0%         N/A       100%        8


Dungeon Overview and Level Annotations

Branches:
Dungeon (15/15)            Temple (1/1) D:4            Lair (5/5) D:10
  Swamp (4/4) Lair:2        Snake (0/4) Lair:2        Slime (1/5) Lair:4
    Orc (0/2) D:10         Vaults (0/5) D:14         Depths (0/4) D:15

Altars:
Ashenzari
Cheibriados
Dithmenos
Elyvilon
Fedhas
Gozag
Hepliaklqana
Kikubaaqudgha
Makhleb
Nemelex Xobeh
Okawaru
Qazlal
Ru
Sif Muna
Trog
Uskayaw
Vehumet
Wu Jian
Xom
Yredelemnul
Zin
The Shining One

Shops:
D:2 *   D:7 =   D:10 *

Annotations:
D:10 exclusion: orange crystal statue


Innate Abilities, Weirdness & Mutations

You are completely covered in rugged brown scales. (AC +3, +7% HP)
Armour fits poorly on your strangely shaped body.
You have a long armoured tail.
You roll when moving toward enemies. (Rampage)
Your long tongue fully drains potion bottles. (2x potion effects)
Your tongue gives you trouble enunciating. (1.5x scroll delay)


Message History

You block the six-headed hydra's attack.
The six-headed hydra bites you but does no damage. x2
The six-headed hydra closely misses you.
Roots burst forth from the earth!
The grasping roots grab you! The grasping roots constrict you.
* * * LOW HITPOINT WARNING * * *
As you slowly read the scroll of teleportation, it crumbles to dust.
You feel strangely unstable. You block the hornet's attack.
The hornet closely misses you. You block the hornet's attack. x2
You block the six-headed hydra's attack.
The six-headed hydra barely misses you.
The six-headed hydra bites you but does no damage.
You block the six-headed hydra's attack.
The six-headed hydra bites you but does no damage. x2
The shambling mangrove barely misses you.
The grasping roots constrict you.
* * * LOW HITPOINT WARNING * * *
You hit the shambling mangrove but do no damage.
The shambling mangrove is almost destroyed.
You block the hornet's attack. x2
You block the six-headed hydra's attack.
The six-headed hydra bites you!
* * * LOW HITPOINT WARNING * * *
The six-headed hydra bites you but does no damage.
The six-headed hydra bites you.
* * * LOW HITPOINT WARNING * * *
The six-headed hydra bites you but does no damage. x2
The hornet stings you!
* * * LOW HITPOINT WARNING * * *
The hornet stings you but does no damage.
You hit the shambling mangrove but do no damage.
The shambling mangrove is almost destroyed.
You block the shambling mangrove's attack.
The grasping roots constrict you!
* * * LOW HITPOINT WARNING * * *
You block the six-headed hydra's attack.
The six-headed hydra bites you but does no damage.
The six-headed hydra bites you!
You die...

♣.♣♣ ♣♣~~~....~...~§
♣♣♣ ♣.~...~~...[~..
### ♣.~~....†.~~.~♣
~..# ♣♣.......~~..~~
D≈~# ♣♣~~~...~~...~.
#$.# ♣..~.~.~.......
♣♣ #~~#
♣♣..~..~~.~.~~.~ .♣
#.≈###♣.~.....~.......
♣♣
#≈~.f@~.÷/.~..~~..~~..
♣
#♣~≈Dyy...§~~..~~..~~♣
♣♣
#~~...~...~.~~~.~~♣♣♣♣
~♣
#~≈###♣...~......~.♣
♣♣ #≈.# ♣.~~.~~~~..~♣♣
♣ #≈.# ♣♣~~~.~.~.~.~♣
♣♣ ≈..# ♣♣.~......~~♣
.♣ .~# ♣♣.~~.~~...♣♣
♣♣ ♣♣...♣≈♣.~~.♣♣


You could see a shambling mangrove, a six-headed hydra and 2 hornets.

Vanquished Creatures
  Jorgrun (D:14)
  Rupert (D:14)
  Kirke (D:14)
  A fire giant (D:15)
  Louise (Swamp:4)
  An eleionoma (Swamp:3)
  5 bunyips
  A shambling mangrove (Swamp:4)
  17 hydras
  3 catoblepae
  An ogre mage (D:14)
  2 centaur warriors
  2 boulder beetles
  4 alligators
  4 two-headed ogres
  Erica (D:8)
  A death knight (D:14)
  10 death yaks (Lair:5)
  A deep troll shaman (Lair:5)
  2 tengu warriors (D:14)
  7 spriggans
  A sixfirhy (D:10)
  5 skeletal warriors
  7 swamp dragons
  2 spriggan druids (Swamp:2)
  Lodul (D:12)
  11 bog bodies
  2 deep elf pyromancers
  An orc knight (D:14)
  10 ugly things
  An oklob plant (D:10)
  A manticore (D:12)
  3 cyclopes
  13 slime creatures
  13 elephants
  4 black mambas
  A torpor snail (Lair:2)
  A smoke demon (D:10)
  9 cane toads
  An unseen horror (D:11)
  Maggie (D:9)
  2 gargoyles
  10 komodo dragons
  3 yaktaurs (D:15)
  A freezing wraith (D:14)
  5 rime drakes
  A kobold demonologist (D:9)
  3 efreet
  3 meliai (D:14)
  2 trolls (D:10)
  A wolf spider simulacrum (D:14)
  2 polar bears
  10 hornets
  12 tyrant leeches
  11 dream sheep
  19 blink frogs
  2 vampires (D:12)
  6 wraiths
  A human (shapeshifter) (D:15)
  2 water elementals (D:13)
  2 shadows (D:10)
  3 wyverns
  3 hogs (D:14)
  37 yaks
  4 basilisks
  10 vampire mosquitoes
  A chaos spawn (D:10)
  5 steam dragons
  10 swamp worms
  2 nagas (Lair:2)
  15 water moccasins
  3 acid dragons
  8 orc warriors
  10 swamp drakes
  5 ice beasts
  A meliai simulacrum (D:14)
  2 sky beasts
  5 black bears
  15 ogres
  4 wolves (Lair:5)
  4 boggarts (D:15)
  8 centaurs
  A phantom (D:5)
  10 kobold brigands
  12 bullfrogs
  4 necrophages
  3 gnoll sergeants (D:10)
  A scorpion (D:4)
  18 wights
  2 killer bees (D:10)
  10 electric eels
  7 howler monkeys
  A crimson imp (D:8)
  3 hounds
  2 quasits (D:10)
  A jelly (Lair:4)
  7 orc priests
  4 iguanas
  14 orc wizards
  4 gnolls (D:5)
  6 adders
  A shadow imp (D:7)
  2 white imps
  An ufetubus (D:5)
  3 worms
  4 dart slugs
  44 orcs
  5 bats
  12 endoplasms
  3 giant cockroaches
  8 goblins
  5 hobgoblins
  8 jackals
  4 quokkas
  8 ball pythons
  4 frilled lizards (D:1)
  23 kobolds
  4 rats
657 creatures vanquished.

Vanquished Creatures (collateral kills)
  A thorn hunter (Swamp:2)
  The ghost of Liloh the Black Belt, an adept HuMo of Trog (Swamp:2)
  An eleionoma (Swamp:3)
  A bunyip (Swamp:3)
  A ghost crab (Swamp:3)
  2 hydras (Swamp:4)
  2 alligators
  2 swamp dragons
  A swamp drake (Swamp:4)
12 creatures vanquished.

Vanquished Creatures (others)
  A hydra (Swamp:3)
  A swamp dragon (Swamp:3)
  2 spriggan druids (Swamp:3)
  A will-o-the-wisp (Swamp:3)
  2 bloated husks
  A spriggan (Swamp:3)
  2 humans (D:14)
  A swamp drake (Swamp:1)
  5 demonic plants (D:10)
  13 foxfires (Swamp:3)
  20 fungi
  34 plants
83 creatures vanquished.

Grand Total: 752 creatures vanquished

Notes
Turn   | Place    | Note
-------+----------+-------------------------------------------
     0 | D:1      | nono the Armataur Fighter began the quest for the Orb.
     0 | D:1      | Reached XP level 1. HP: 19/19 MP: 1/1
    85 | D:1      | Reached XP level 2. HP: 25/26 MP: 2/2
   210 | D:1      | Reached skill level 4 in Armour
   384 | D:1      | Reached XP level 3. HP: 33/33 MP: 3/3
   870 | D:2      | Identified the +1 whip of Mayhem {drain, rPois Str+4 Dex+4}
   883 | D:2      | Reached XP level 4. HP: 40/40 MP: 4/4
   898 | D:2      | Found Luig's General Store.
   909 | D:2      | Bought a potion of curing for 33 gold pieces
  1601 | D:3      | Noticed a kobold brigand
  1610 | D:3      | Killed a kobold brigand
  1611 | D:3      | Reached XP level 5. HP: 39/48 MP: 1/5
  2036 | D:3      | Reached skill level 5 in Armour
  2295 | D:4      | Found an ancient bone altar of Kikubaaqudgha.
  2335 | D:4      | Noticed an ogre
  2342 | D:4      | Killed an ogre
  2343 | D:4      | Reached XP level 6. HP: 55/55 MP: 6/6
  2352 | D:4      | Found a staircase to the Ecumenical Temple.
  2366 | Temple   | Entered the Ecumenical Temple
  2454 | D:4      | Found a glowing golden altar of the Shining One.
  2464 | D:4      | Reached skill level 5 in Shields
  2476 | D:4      | Became a worshipper of the Shining One
  3130 | D:5      | Entered Level 5 of the Dungeon
  3171 | D:5      | Identified the +7 dagger of Ifasch {vorpal, rElec Dex+3}
  3230 | D:5      | Found an ornate altar of the Wu Jian Council.
  3268 | D:5      | Reached XP level 7. HP: 55/63 MP: 7/7
  3498 | D:5      | Reached skill level 6 in Armour
  3517 | D:5      | Reached * piety under the Shining One
  3869 | D:5      | Reached skill level 5 in Fighting
  3869 | D:5      | Reached XP level 8. HP: 72/72 MP: 8/8
  3889 | D:5      | Found a snail-covered altar of Cheibriados.
  4222 | D:5      | Found an iron altar of Okawaru.
  4402 | D:6      | Reached skill level 7 in Armour
  4424 | D:6      | Reached skill level 5 in Maces & Flails
  4847 | D:6      | Found a blossoming altar of Fedhas.
  5285 | D:7      | Reached XP level 9. HP: 77/80 MP: 9/9
  5289 | D:7      | Reached ** piety under the Shining One
  5290 | D:7      | Reached skill level 8 in Armour
  5594 | D:7      | Found a sparkling altar of Nemelex Xobeh.
  5669 | D:7      | Found Nevyor's Jewellery Shop.
  5679 | D:7      | Identified the +2 cloak of the Everdark {rN+ Dex-4 Stlth+}
  5712 | D:7      | Found a hazy altar of Hepliaklqana.
  5918 | D:7      | Found a shadowy altar of Dithmenos.
  6344 | D:8      | Found a shimmering altar of Xom.
  6501 | D:8      | Reached skill level 9 in Armour
  6678 | D:8      | Found a broken altar of Ashenzari.
  6782 | D:8      | Found a sacrificial altar of Ru.
  6821 | D:8      | Noticed Erica
  6838 | D:8      | Killed Erica
  6839 | D:8      | Reached XP level 10. HP: 50/92 MP: 10/10
  7452 | D:2      | Bought a +3 plate armour of fire resistance for 495 gold
                  | pieces
  7753 | D:9      | Reached skill level 10 in Armour
  7912 | D:9      | Reached *** piety under the Shining One
  7974 | D:9      | Noticed Maggie
  7975 | D:9      | Found a stormy altar of Qazlal.
  7987 | D:9      | Killed Maggie
  7988 | D:9      | Reached skill level 1 in Invocations
  8037 | D:9      | Noticed a two-headed ogre
  8040 | D:9      | Killed a two-headed ogre
  8300 | D:9      | Reached XP level 11. HP: 100/100 MP: 12/12
  8989 | D:10     | Entered Level 10 of the Dungeon
  9018 | D:10     | Reached skill level 10 in Shields
  9026 | D:10     | Reached skill level 11 in Armour
  9039 | D:10     | Reached **** piety under the Shining One
  9317 | D:10     | Noticed an orange crystal statue
  9346 | D:10     | Noticed a sixfirhy
  9359 | D:10     | Killed a sixfirhy
  9646 | D:10     | Found Zuegh's General Store.
  9822 | D:10     | Found a staircase to the Orcish Mines.
  9886 | D:10     | Found a staircase to the Lair.
  9888 | D:10     | Noticed an oklob plant
  9900 | D:10     | Killed an oklob plant
 10271 | Lair:1   | Entered Level 1 of the Lair of Beasts
 10290 | Lair:1   | Reached skill level 5 in Invocations
 10547 | Lair:1   | Reached XP level 12. HP: 111/111 MP: 15/15
 10628 | Lair:1   | Reached skill level 12 in Armour
 10861 | Lair:1   | Noticed a six-headed hydra
 10880 | Lair:1   | Killed a six-headed hydra
 11845 | Lair:2   | Found a staircase to the Snake Pit.
 12019 | Lair:2   | Found a staircase to the Swamp.
 12700 | Lair:2   | Reached skill level 10 in Fighting
 12976 | Lair:3   | Reached skill level 13 in Armour
 13524 | Lair:4   | Reached skill level 10 in Maces & Flails
 13589 | Lair:4   | Noticed a five-headed hydra
 13597 | Lair:4   | Killed a five-headed hydra
 13598 | Lair:4   | Reached XP level 13. HP: 108/120 MP: 18/18
 14147 | Lair:4   | Found a staircase to the Slime Pits.
 14169 | Lair:4   | Identified the +8 trident of Darkness {protect, rC- rCorr
                  | MP+9 Dex+7}
 14570 | Slime:1  | Entered Level 1 of the Pits of Slime
 14594 | Lair:5   | Entered Level 5 of the Lair of Beasts
 15513 | Lair:5   | Reached ***** piety under the Shining One
 15554 | Lair:5   | Reached skill level 14 in Armour
 16191 | Lair:5   | Reached XP level 14. HP: 75/132 MP: 20/20
 17529 | D:7      | Bought an amulet of the acrobat for 420 gold pieces
 17529 | D:7      | Bought a ring of willpower for 350 gold pieces
 18440 | D:12     | Noticed Lodul
 18811 | D:12     | Killed Lodul
 19178 | D:12     | Identified the +5 chain mail of the Nightingale {rElec}
 20072 | D:13     | Identified 3 scrolls of acquirement
 20073 | D:13     | Acquired the +0 barding of Isapon {rPois Will+}
 20089 | D:13     | Acquired a manual of Maces & Flails
 20093 | D:13     | Acquired 704 gold pieces
 20223 | D:14     | Noticed Jorgrun
 20231 | D:14     | Killed Jorgrun
 20496 | D:14     | Reached skill level 15 in Armour
 20507 | D:14     | Noticed Kirke
 20527 | D:14     | Killed Kirke
 20604 | D:14     | Found a gate to the Vaults.
 20896 | D:14     | Reached skill level 10 in Invocations
 21101 | D:14     | Identified the amulet of Qerox {Spirit Rampage Fragile
                  | Int+2 Dex+6}
 21172 | D:14     | Found a shadowy altar of Dithmenos.
 21246 | D:14     | Noticed Rupert
 21272 | D:14     | Killed Rupert
 21924 | D:15     | Entered Level 15 of the Dungeon
 21960 | D:15     | Reached XP level 15. HP: 36/141 MP: 10/22
 22159 | D:15     | Found a staircase to the Depths.
 22163 | D:15     | Noticed a fire giant
 22608 | D:15     | Killed a fire giant
 24183 | Swamp:1  | Entered Level 1 of the Swamp
 24722 | Swamp:1  | Identified the +2 leather armour of Soloegha {+Inv rC-
                  | rN++}
 25318 | Swamp:2  | Reached skill level 16 in Armour
 25491 | Swamp:2  | Found a runed translucent door.
 25493 | Swamp:2  | Identified the +2 trident of Nyulan {holy, rElec}
 25493 | Swamp:2  | Noticed a thorn hunter
 25494 | Swamp:2  | Noticed Liloh's ghost (adept HuMo)
 25518 | Swamp:2  | Killed Liloh's ghost
 25529 | Swamp:2  | Killed a thorn hunter
 26107 | Swamp:2  | You fall into a shaft and drop 1 floor!
 26620 | Swamp:3  | Reached skill level 15 in Shields
 27525 | Swamp:4  | Entered Level 4 of the Swamp
 27885 | Swamp:4  | Reached XP level 16. HP: 149/150 MP: 24/24
 28086 | Swamp:4  | Identified the +7 tower shield of Edafat {Rampage}
 28086 | Swamp:4  | Noticed Louise
 28102 | Swamp:4  | Killed Louise
 28865 | Swamp:4  | Slain by a six-headed hydra

Illustrated notes

Levels and vault maps discovered:
D:1:      lemuel_arrival_broad_hall, layout_rooms
D:2:      layout_basic, serial_shops,
          nicolae_shop_temple_entry_statues_fountains, st_stairs_6,
          ebering_dispersal_statue_hall
D:3:      cheibrodos_thug_alley, layout_basic
D:4:      layout_loops_ring, mainiacjoe_overflow_cross_hatched,
          nicolae_overflow_crystal_walls, minmay_temple_entry_waves,
          nrook_loot_triangle, glass_columns_a
D:5:      layout_layer_cave, kennysheep_okawaru_gauntlet,
          mainiacjoe_overflow_catch_the_wave, kennysheep_crisscross
D:6:      layout_rooms, fedhas_bush_and_centaur_altar, minivault_11
D:7:      layout_loops_ring, mainiacjoe_overflow_catwalk,
          mainiacjoe_overflow_alcove_2, mainiacjoe_overflow_six_doors_small,
          serial_shops, shop_statue
D:8:      layout_loops_ring, mainiacjoe_overflow_alcove_1,
          cheibrodos_ashenzari_chains, mainiacjoe_overflow_surrounded_room,
          dreamdust_wishing_well, minmay_fire_ice_demons, uniq_erica
D:9:      layout_loops_ring, general_overflow_altar, minmay_puff, uniq_maggie
D:10:     layout_big_octagon, dpeg_oklobed_lair,
          kennysheep_orc_monster_closet_entryway, serial_demonic,
          serial_demonic_g, serial_demonic_a, serial_demonic_f,
          serial_demonic_d, serial_shops, shop, minmay_misc_feat_columns,
          minivault_26, minivault_16, onia_ninara_cookie
D:11:     layout_stronghold
D:12:     layout_cave_pools, uniq_lodul
D:13:     layout_basic
D:14:     layout_long_grid, david_vaults_2, amcnicky_mini_rare_corridor_liquid,
          minmay_door_square, minivault_20, nicolae_dithmenos_shadow_blocks,
          uniq_jorgrun, uniq_kirke, uniq_rupert
D:15:     grunt_enter_depths_giant_problem, layout_loops_ring,
          nicolae_water_bricks
Temple:   nicolae_temple_ecumenical_triangle
Lair:1:   layout_roguey, grunt_megastairs_3
Lair:2:   layout_gridlike, skrybe_swamp_entry_bodies,
          guppyfry_snake_entry_island, serial_bayou_pond_d
Lair:3:   layout_chaotic_city, kennysheep_catoblepas_arena
Lair:4:   layout_regular_city, minmay_slime_entry_pillars
Lair:5:   grunt_lair_end_beastmaster, layout_misc_corridors,
          portal_ice_cave_rime, serial_bayou_shore_a
Swamp:1:  layout_falls_marsh, evilmike_swamp_ruin_house_2, swamp_pool5
Swamp:2:  nicolae_swamp_decorative_isthmus, layout_basic_swamp,
          ebering_ghost_funeral_grove, hangedman_swamp_cone
Swamp:3:  layout_basic_swamp, nicolae_swamp_triple_paths, swamp_pool2
Swamp:4:  swamp_basic_johnstein, layout_basic_swamp, swamp_pool2,
          nicolae_swamp_oxbows, uniq_louise
Slime:1:  layout_caves

Skill      XL: |  1  2  3  4  5  6  7  8  9 10 11 12 13 14 15 16 |
---------------+-------------------------------------------------+-----
Maces & Flails | 2 3 4 5 6 7 9 10 11 12 13 14 | 14.4
Armour         | 4 5 6 7 9 10 11 13 14 15 16 | 16.8
Fighting       | 3 4 5 6 7 8 9 10 11 12 13 | 13.2
Shields        | 4 5 6 7 8 9 10 12 13 14 15 | 15.5
Invocations    | 2 5 7 8 10 11 | 11.8

Action                   |  1- 3 |  4- 6 |  7- 9 | 10-12 | 13-15 | 16-18 || total
-------------------------+-------+-------+-------+-------+-------+-------++-------
Melee: Flail             |   126 |       |    23 |   446 |  1412 |   194 ||  2201
       Tailslap          |    13 |    19 |    42 |   119 |   360 |    50 ||   603
       Whip              |     1 |    94 |       |       |       |       ||    95
       Dagger            |       |    57 |   135 |       |       |       ||   192
       Mace              |       |       |   111 |    97 |       |       ||   208
Throw: Throwing net      |       |       |       |       |     1 |       ||     1
Invok: Divine Shield     |       |       |       |     4 |    18 |     3 ||    25
       Cleansing Flame   |       |       |       |     1 |     5 |       ||     6
       Summon Divine War |       |       |       |       |     3 |       ||     3
Evoke: Wand              |       |       |       |       |     1 |       ||     1
  Use: Scroll            |       |     3 |       |     7 |    23 |     2 ||    35
       Potion            |       |       |     1 |     6 |     8 |     1 ||    16
Armor: Scale mail        |    79 |    24 |       |       |       |       ||   103
       Chain mail        |       |     7 |    82 |       |   398 |   105 ||   592
       Plate armour      |       |       |       |   289 |   243 |       ||   532
Dodge: Dodged            |    40 |    50 |   103 |   168 |   331 |    50 ||   742
Block: Buckler           |    31 |    52 |   140 |   193 |       |       ||   416
       Reflection        |       |     1 |    12 |     9 |       |       ||    22
       Kite shield       |       |       |       |   202 |   953 |    10 ||  1165
       Tower shield      |       |       |       |       |       |   225 ||   225

Table legend: (Time is in decaauts)
 A = Elapsed time spent in this place.
 B = Non-inter-level travel time spent in this place.
 C = Inter-level travel time spent in this place.
 D = Time resting spent in this place.
 E = Time spent auto-exploring this place.
 F = Levels seen in this place.
 G = Mean time per level.
                   A        B        C        D        E       F      G
               +--------+--------+--------+--------+--------+-----+--------+
         Total |  29096 |  27372 |   1724 |   2877 |  18881 |  26 | 1119.1 |
       Dungeon |  17406 |  16063 |   1343 |   1327 |  11439 |  15 | 1160.4 |
        Temple |     76 |     76 |      0 |      0 |     22 |   1 |   76.0 |
          Lair |   7141 |   6840 |    301 |    498 |   5141 |   5 | 1428.2 |
         Swamp |   4466 |   4387 |     79 |   1052 |   2277 |   4 | 1116.5 |
    Slime Pits |      4 |      4 |      0 |      0 |      0 |   1 |    4.0 |
               +--------+--------+--------+--------+--------+-----+--------+

Top non-repeatable levels by time:
  Lair:5: 2153 daAuts
    D:14: 2057 daAuts
    D:15: 1599 daAuts
  Lair:2: 1508 daAuts
    D:10: 1487 daAuts
  Lair:1: 1410 daAuts
     D:9: 1395 daAuts
 Swamp:4: 1368 daAuts
     D:5: 1256 daAuts
  Lair:4: 1227 daAuts
 Swamp:1: 1221 daAuts
 Swamp:2: 1200 daAuts
    D:12: 1096 daAuts
     D:6: 1095 daAuts
    D:11: 1077 daAuts
